AoeStats
← flynorc

Oasis

508502371Analyzed
4v4 RM · 9d ago on Sep 22, 2026· 45m 16s· 8 players
Game mode
Random Map
Map size
Large (8 player)
Population
200
Speed
Normal
Resources
Standard
Victory
Conquest
Starting age
Dark Age
Ending age
Imperial Age
RankedLock teamsTeams togetherTeam positionsShared explorationLock speedFull tech treeHidden civsTurbo modeCheats
Victory
Defeat
🇻🇳 Mongols · Vietnam
1519
+13
🇦🇹 Persians · Austria
1418
+18
🇲🇽 Persians · Mexico
1394
+19
🇨🇳 Aztecs · China
1357
+19
🇦🇷 Persians · Argentina
1504
-19
🇺🇾 Gurjaras · Uruguay
1495
-19
🇵🇪 Saracens · Peru
1467
-18
🇦🇷 Britons · Argentina
1347
-13
super HYW
6:37 Loom
10:12 Feudal Age
14:01 Fletching
25:25 Castle Age
26:13 Bodkin Arrow
26:26 Crossbowman
31:55 Ballistics
46:31 Imperial Age
[VL] mardang
7:51 Loom
10:54 Feudal Age
15:05 Castle Age
13:44 Double-Bit Axe
16:19 Bloodlines
16:16 Scale Barding Armor
16:06 Horse Collar
20:33 Scale Barding Armor
23:11 Chain Barding Armor
23:35 Husbandry
26:05 Forging
27:01 Gold Mining
29:43 Chain Barding Armor
32:15 Town Watch
33:08 Wheelbarrow
36:02 Imperial Age
33:21 Town Watch
34:33 Iron Casting
36:27 Masonry
36:36 Hand Cart
37:00 Plate Barding Armor
35:46 Heavy Camel Rider
35:50 Cavalier
37:44 Coinage
37:17 Caravan
38:48 Blast Furnace
38:56 Banking
39:12 Savar
39:15 Light Cavalry
40:25 Conscription
39:58 Capped Ram
41:25 Siege Ram
flynorc
11:31 Feudal Age
12:26 Double-Bit Axe
15:09 Castle Age
13:01 Horse Collar
14:20 Bloodlines
13:57 Loom
14:36 Scale Barding Armor
14:40 Gold Mining
17:24 Forging
25:08 Wheelbarrow
24:22 Town Watch
25:58 Chain Barding Armor
29:25 Bow Saw
29:16 Heavy Plow
31:03 Gold Shaft Mining
31:45 Husbandry
33:54 Iron Casting
33:11 Fletching
37:17 Imperial Age
35:46 Bodkin Arrow
37:12 Ballistics
37:24 Caravan
36:57 Cavalier
38:13 Plate Barding Armor
39:11 Blast Furnace
37:51 Heavy Camel Rider
38:37 Savar
45:35 Hoardings
45:42 Hoardings
45:28 Conscription
This is Kawaii
5:51 Loom
8:06 Feudal Age
12:08 Double-Bit Axe
14:51 Horse Collar
21:59 Castle Age
25:45 Bow Saw
29:56 Fletching
32:36 Bodkin Arrow
34:11 Padded Archer Armor
34:22 Bloodlines
34:12 Husbandry
36:22 Leather Archer Armor
38:31 Ballistics
38:31 Gold Mining
44:06 Imperial Age
44:04 Thumb Ring
44:57 Wheelbarrow
45:12 Bracer
le ignacio
5:02 Loom
9:41 Feudal Age
15:07 Castle Age
13:28 Double-Bit Axe
16:03 Horse Collar
22:52 Scale Barding Armor
24:47 Bloodlines
25:51 Forging
27:12 Iron Casting
27:38 Wheelbarrow
28:02 Chain Barding Armor
29:49 Bow Saw
29:34 Gold Mining
30:29 Husbandry
33:01 Gold Shaft Mining
36:11 Imperial Age
35:07 Town Watch
35:49 Hand Cart
35:34 Stone Mining
36:50 Stone Shaft Mining
35:51 Cavalier
37:15 Plate Barding Armor
38:01 Blast Furnace
37:18 Savar
37:59 Padded Archer Armor
41:50 Coinage
41:49 Masonry
41:36 Murder Holes
41:32 Fletching
42:05 Ballistics
42:46 Chemistry
43:32 Town Patrol
44:17 Light Cavalry
44:54 Bodkin Arrow
45:34 Architecture
45:31 Conscription
TVHG.Phraymus
7:11 Loom
9:38 Feudal Age
12:05 Fletching
26:24 Castle Age
25:01 Double-Bit Axe
26:20 Gold Mining
27:07 Bodkin Arrow
26:41 Crossbowman
29:15 Bow Saw
32:05 Padded Archer Armor
38:09 Imperial Age
37:40 Ballistics
38:28 Forging
39:03 Bracer
39:16 Arbalester
42:13 Leather Archer Armor
44:12 Wheelbarrow
44:56 Conscription
46:19 Chemistry
Lexa
7:11 Loom
9:32 Feudal Age
10:00 Double-Bit Axe
16:39 Fletching
21:42 Padded Archer Armor
24:34 Castle Age
25:53 Crossbowman
26:35 Bodkin Arrow
38:40 Ballistics
39:01 Gold Mining
42:09 Leather Archer Armor
[GGnT] Nanito_Uy
1:14 Loom
7:21 Loom
9:45 Feudal Age
13:36 Double-Bit Axe
21:08 Castle Age
20:00 Gold Mining
20:22 Forging
20:48 Bloodlines
21:12 Scale Barding Armor
21:19 Horse Collar
27:21 Wheelbarrow
28:55 Iron Casting
31:36 Chain Barding Armor
33:36 Bow Saw
33:42 Husbandry
37:12 Heavy Plow
39:55 Imperial Age
38:16 Gold Shaft Mining
38:42 Bow Saw
38:26 Stone Mining
39:45 Kshatriyas
41:21 Plate Barding Armor
40:34 Heavy Camel Rider
41:32 Fletching
42:09 Conscription
42:20 Hand Cart
Connection lost

Rejoining the realm…

Still unreachable

The connection could not be restored.

Session expired

The server has moved on; the page needs a fresh start.